Cogmind - Beta 17 --- EXPLORER MODE // 2026.07.02 @ 11:50:19 Player: Deloads Result: Self-destructed Performance ------------- Evolutions (6) 3000 Regions Visited (11) 2200 Robots Destroyed (40) 200 Value Destroyed (1042) 1042 Prototype IDs (3) 60 Alien Tech Used (0) 0 Bonus (300) 300 TOTAL SCORE: 6802 Bonus ------- Aligned with FarCom 300 Cogmind --------- Core Integrity 1031/1150 Matter 203/300 Energy 150/150 System Corruption 0% Temperature Cool (0) Movement Rolling (95) Ox1 Location -4/Factory Parts ------- > --- POWER (2) -------- Micro Fission Core Improved Fusion Compressor > --- PROPULSION (9) --- Flexi-carbon Leg Armored Leg Wheel Wheel > --- UTILITY (6) ------ Medium Storage Unit Enhanced Optical Array Improved Targeting Computer Core Shielding > --- WEAPON (3) ------- Assault Rifle > --- INVENTORY (10) --- Welding Torch Peak State ------------ > --- POWER ------------ Nuclear Core > --- PROPULSION ------- Flight Unit Flight Unit Flight Unit Flight Unit VTOL Module VTOL Module Xenon Bombardment Thruster Nuclear Pulse Thruster > --- UTILITY ---------- Enhanced Optical Array Seismic Detector Improved Targeting Computer Advanced Targeting Computer ECM Suite Light Armor Plating > --- WEAPON ----------- Longsword +1 > --- INVENTORY -------- Hacking Suite Assault Rifle Heavy Rocket Launcher [Rating: 41] Favorites ----------- Power Light Ion Engine Engine Light Ion Engine Power Core Nuclear Core Propulsion Light Treads Treads Light Treads Leg Flexi-carbon Leg Wheel Wheel Flight Unit Flight Unit Utility Improved Targeting Computer Device Seismic Detector Storage Large Storage Unit Processor Improved Targeting Computer Hackware Hacking Suite Protection Light Armor Plating Weapon Assault Rifle Ballistic Gun Assault Rifle Launcher Long-range Missile Launcher Slashing Weapon Longsword +1 Build | -11 -10 -10 -10 -9 -8 -7 -6 -5 -5 -5 -4 ------- Run | Yrd Mat Min Exi Min Mat Fac Fac Fac Ext Cet Fac Slots Evolved 13 | . 1 . . . 4 2 2 2 . . 2 Power 1 | . . . . . . . 1 . . . . Propulsion 7 | . . . . . 2 1 1 2 . . 1 Utility 4 | . 1 . . . 2 1 . . . . . Weapon 1 | . . . . . . . . . . . 1 Parts Attached 43 | 7 2 1 2 1 4 7 5 4 . . 10 Power 7 | 1 . . . 1 . 1 2 . . . 2 Engine 2 | 1 . . . 1 . . . . . . . Core 5 | . . . . . . 1 2 . . . 2 Reactor . | . . . . . . . . . . . . Propulsion 19 | 2 . 1 . . 2 5 2 3 . . 4 Treads 5 | 2 . 1 . . 2 . . . . . . Leg 2 | . . . . . . . . . . . 2 Wheel 2 | . . . . . . . . . . . 2 Hover . | . . . . . . . . . . . . Flight 10 | . . . . . . 5 2 3 . . . Utility 11 | 2 2 . 1 . 1 1 1 1 . . 2 Device 2 | 1 . . . . 1 . . . . . . Storage 3 | 1 1 . . . . . . . . . 1 Processor 3 | . 1 . . . . 1 1 . . . . Hackware 1 | . . . . . . . . 1 . . . Protection 2 | . . . 1 . . . . . . . 1 Artifact . | . . . . . . . . . . . . Weapon 6 | 2 . . 1 . 1 . . . . . 2 Energy Gun . | . . . . . . . . . . . . Energy Cannon . | . . . . . . . . . . . . Ballistic Gun 3 | 2 . . . . 1 . . . . . . Ballistic Cannon . | . . . . . . . . . . . . Launcher 2 | . . . . . . . . . . . 2 Special Weapon . | . . . . . . . . . . . . Impact Weapon . | . . . . . . . . . . . . Slashing Weapon 1 | . . . 1 . . . . . . . . Piercing Weapon . | . . . . . . . . . . . . Special Melee Weapon . | . . . . . . . . . . . . Unidentified Prototypes 3 | . . . 2 . . . 1 . . . . Parts Lost 17 | . . . . . . . . 9 6 . 2 Power 1 | . . . . . . . . 1 . . . Propulsion 8 | . . . . . . . . 5 3 . . Utility 5 | . . . . . . . . 3 2 . . Weapon 3 | . . . . . . . . . 1 . 2 Highest Loss Streak 5 | . . . . . . . . 5 3 . 1 To Critical Strikes . | . . . . . . . . . . . . Average Backups 9 | 7 11 14 14 15 12 5 4 2 2 2 2 Power 1 | . 1 2 2 1 1 . . . . . . Propulsion 3 | 1 3 6 6 6 6 1 1 . . . . Utility 1 | 3 3 2 1 2 . . . . . . . Weapon 3 | 1 3 4 5 5 5 3 2 2 2 2 1 Tool/Special . | . . . . . . . . . . . . Unused Backups 11 | . 4 1 . . . 4 2 . . . . Power 1 | . . . . . . 1 . . . . . Propulsion 3 | . 2 . . . . 1 . . . . . Utility 2 | . 2 . . . . . . . . . . Weapon 5 | . . 1 . . . 2 2 . . . . Tool/Special . | . . . . . . . . . . . . Average Slot Usage (%) 82 | . 93 100 99 98 96 78 88 76 28 11 26 Engine 7 | . 12 12 12 10 8 7 . . . . . Core 1 | . . . . . . . 8 4 . . 9 Treads 17 | . 25 25 25 25 29 4 . . . . . Flight 6 | . . . . . . 28 36 36 10 . . Device 9 | . 12 12 5 . 15 14 12 8 1 . . Storage 7 | . 12 12 12 12 8 1 . . . . 2 Processor 10 | . 6 12 12 12 8 7 17 16 12 11 10 Protection 3 | . . . 5 12 8 7 6 3 . . 2 Ballistic Gun 14 | . 25 25 18 12 11 8 4 . . . . Slashing Weapon 2 | . . . 5 12 4 . 1 5 4 . . Peak Build Rating 41 | 7 10 10 17 17 23 19 33 41 26 7 37 Average Rating 16 | 5 8 10 13 16 19 14 29 37 17 7 23 On Entrance 14 | . 7 10 10 17 17 17 19 33 26 7 7 Avg Prop Armor Cover (%) 4 | . . . . . . 4 2 7 . . 18 Naked Turns . | . . . . . . . . . . . . Heaviest Build 34 | 17 27 27 31 31 34 33 22 16 5 . 32 Greatest Support 86 | 40 40 40 40 40 86 86 26 38 14 3 36 Greatest Overweight (x) 10 | 3 . . . . . 10 . . . . 10 Average Overweight (x) . | . . . . . . . . . . . 2 Largest Inventory Capacity 15 | 10 15 15 15 15 15 15 5 5 5 5 10 Average Capacity 11 | 9 13 15 15 15 15 6 5 5 5 5 7 Most Carried 15 | 9 15 15 15 15 14 15 5 4 2 2 3 Average Carried 9 | 7 11 14 14 14 12 5 4 2 2 2 2 Final Capacity 15 | 10 15 15 15 15 15 5 5 5 5 5 10 Final Carried 15 | 9 15 15 15 15 13 5 5 2 2 2 1 Class Distribution -------------------- 84% | Hacker-Mutant 7% | Scavenger-Sprinter 4% | Scavenger-Mutant 3% | Hacker-Sprinter Dominant Class ---------------- Hacker-Mutant | -10/Materials Hacker-Mutant | -10/Mines Hacker-Mutant | -10/Exiles Hacker-Mutant | -9/Mines Hacker-Mutant | -8/Materials Scavenger-Mutant | -7/Factory Scavenger-Sprinter | -6/Factory Hacker-Sprinter | -5/Factory Hacker-Mutant | -5/Extension Hacker-Mutant | -5/Cetus Hacker-Mutant | -4/Factory Resources | -11 -10 -10 -10 -9 -8 -7 -6 -5 -5 -5 -4 ----------- Run | Yrd Mat Min Exi Min Mat Fac Fac Fac Ext Cet Fac Matter Collected 995 | 318 100 74 . 58 77 . . 207 14 . 147 Remotely . | . . . . . . . . . . . . Salvage Created 1525 | 175 235 177 . 25 54 . 46 252 212 . 349 Parts 81 | 14 14 13 . 4 3 . 3 4 8 . 18 Haulers Intercepted 3 | . . . . . . . . 2 . . 1 Recyclers Shooed . | . . . . . . . . . . . . Parts Field Recycled . | . . . . . . . . . . . . Retrieved Matter . | . . . . . . . . . . . . Parts Self-Destructed . | . . . . . . . . . . . . Prevented . | . . . . . . . . . . . . Parts Restored . | . . . . . . . . . . . . Kills | -11 -10 -10 -10 -9 -8 -7 -6 -5 -5 -5 -4 ------- Run | Yrd Mat Min Exi Min Mat Fac Fac Fac Ext Cet Fac Combat Hostiles Destroyed 25 | . 7 4 . 2 1 . 2 . 1 . 8 Melee 3 | . . . . . . . 2 . 1 . . Guns 15 | . 7 4 . 2 1 . . . . . 1 AOE 7 | . . . . . . . . . . . 7 Classes Destroyed 13 | 3 3 1 . . . . 2 2 . . 2 Worker 4 | 2 . . . . . . . 1 . . 1 Builder 2 | . . . . . . . . 1 . . 1 Tunneler 2 | 2 . . . . . . . . . . . Hauler 3 | . . . . . . . . 2 . . 1 Recycler 3 | 1 . 1 . . . . . . 1 . . Operator 1 | . . . . . . . 1 . . . . Watcher 2 | . 2 . . . . . . . . . . Swarmer 11 | . 4 2 . 2 . . . . . . 3 Grunt 5 | . 3 . . . . . . . . . 2 Sentry 4 | . . 2 . . 1 . . . 1 . . Hunter 2 | . . . . . . . . . . . 2 Programmer 1 | . . . . . . . . . . . 1 Assembled 2 | . . . . . . . 2 . . . . Best Kill Streak 8 | 2 2 3 . 2 1 . 2 2 1 . 8 Combat Bots Only 6 | . 2 2 . 2 1 . 2 . 1 . 6 Max Kills in Single Turn 5 | 1 1 1 . 1 1 . 1 1 1 . 5 Gunslinging . | . . . . . . . . . . . . Exploded 3 | . . . . . . . . . . . 3 Melee 1 | . . . . . . . 1 . 1 . . Uniques/NPCs Destroyed . | . . . . . . . . . . . . Combat | -11 -10 -10 -10 -9 -8 -7 -6 -5 -5 -5 -4 -------- Run | Yrd Mat Min Exi Min Mat Fac Fac Fac Ext Cet Fac Hostile Shots Fired 290 | . 20 19 . 10 12 6 12 74 57 4 76 Missed 118 | . 6 6 . 4 4 5 9 29 21 3 31 Hits 172 | . 14 13 . 6 8 1 3 45 36 1 45 Melee 3 | . . . . . . . . 3 . . . Projectile 169 | . 14 13 . 6 8 1 3 42 36 1 45 AOE 2 | . . . . . . . . 2 . . . Critical Strikes 3 | . . 1 . . . . . 2 . . . Damage Taken 2282 | . 161 92 . 28 75 13 32 578 665 17 621 Core 872 | . 6 19 . 9 . . 10 200 492 17 119 Absorbed by Shields . | . . . . . . . . . . . . Redirected to Shielding 22 | . . . . . . . . . . . 22 Ignored by Resistances 1286 | . 104 59 . 21 47 8 20 337 317 10 363 Regen/Repaired (Parts) 43 | . . . . . . . 16 27 . . . Core Remaining (%) 85 | 100 . . . 86 100 100 98 . . 29 . Volleys Fired 86 | 29 21 11 . 6 2 3 5 . . . 9 Largest 2 | 2 2 2 . 1 2 1 1 . . . 2 Hottest 59 | 40 40 40 . 20 40 20 20 . . . 59 Shots Fired 133 | 37 42 22 . 7 4 3 5 . . . 13 Gun 125 | 37 42 22 . 7 4 3 5 . . . 5 Cannon . | . . . . . . . . . . . . Launcher 8 | . . . . . . . . . . . 8 Special . | . . . . . . . . . . . . Kinetic 125 | 37 42 22 . 7 4 3 5 . . . 5 Thermal . | . . . . . . . . . . . . Explosive 8 | . . . . . . . . . . . 8 Electromagnetic . | . . . . . . . . . . . . Robot Hit Streak 23 | 9 17 20 . 5 5 8 13 . . . 23 Robot Miss Streak 1 | 1 1 1 . 1 . . . . . . 1 Penetration Max . | . . . . . . . . . . . . Secondary Targets . | . . . . . . . . . . . . Shots Hit Robots 119 | 28 27 20 . 6 3 3 7 10 4 . 11 Core Hits 65 | 9 15 7 . 2 2 1 4 3 2 . 20 Critical Kills . | . . . . . . . . . . . . Critical Parts Destroyed 2 | 2 . . . . . . . . . . . Critical Strikes 4 | 2 . . . . . . . 2 . . . Destroy 2 | 2 . . . . . . . . . . . Sever 2 | . . . . . . . . 2 . . . Melee Attacks 54 | . . . . 1 2 . 8 29 14 . . Impact . | . . . . . . . . . . . . Slashing 54 | . . . . 1 2 . 8 29 14 . . Piercing . | . . . . . . . . . . . . Sneak Attacks 5 | . . . . . . . . 4 1 . . Combat Hostiles . | . . . . . . . . . . . . Follow-up Attacks . | . . . . . . . . . . . . Damage Inflicted 3582 | 297 303 203 . 87 39 29 203 776 239 . 1406 Guns 1060 | 294 291 199 . 87 39 29 67 . . . 54 Cannons . | . . . . . . . . . . . . Explosions 1346 | . . . . . . . . . . . 1346 Melee 1140 | . . . . . . . 136 776 228 . . Ramming 36 | 3 12 4 . . . . . . 11 . 6 Kinetic 1060 | 294 291 199 . 87 39 29 67 . . . 54 Thermal 402 | . . . . . . . . . . . 402 Explosive 944 | . . . . . . . . . . . 944 Electromagnetic . | . . . . . . . . . . . . Impact . | . . . . . . . . . . . . Slashing 1140 | . . . . . . . 136 776 228 . . Piercing . | . . . . . . . . . . . . Highest Corruption 4 | . 1 1 1 1 . 1 . 1 4 4 . Average Corruption 1 | . 1 1 1 1 . 1 . 1 3 4 . Corruption Purged . | . . . . . . . . . . . . Corruption Blocked . | . . . . . . . . . . . . Effects 24 | . 4 8 . 4 . . . 1 6 1 . Message Errors 7 | . . 4 . . . . . 1 2 . . Matter Fused 6 | . 2 1 . . . . . . 2 1 . Energy Discharges 4 | . 1 2 . . . . . . 1 . . Parts Rejected 1 | . . . . 1 . . . . . . . Data Loss (minor) 2 | . 1 . . 1 . . . . . . . Data Loss (major) 3 | . . 1 . 1 . . . . 1 . . Misfires 1 | . . . . 1 . . . . . . . Overload Shots . | . . . . . . . . . . . . Overflow Damage 347 | . . . . . . . . 88 48 . 211 Projectiles . | . . . . . . . . . . . . Explosions 211 | . . . . . . . . . . . 211 Melee 136 | . . . . . . . . 88 48 . . Knockbacks . | . . . . . . . . . . . . Impact . | . . . . . . . . . . . . Kinetic . | . . . . . . . . . . . . Secondary . | . . . . . . . . . . . . Self-Inflicted Damage 169 | . . . . . . . . . 5 . 164 Shots 5 | . . . . . . . . . . . 5 Rammed 7 | 1 3 1 . . . . . . 2 . . Targets Rammed 9 | 1 3 2 . . . . . . 2 . 1 Kicked 1 | . . . . . . . . . . . 1 Crushed 1 | . . 1 . . . . . . . . . Highest Temperature 206 | . 12 18 . . . 2 206 106 . . . Average Temperature 42 | . 7 9 . . . 1 54 37 . . . Received Heat Transfer 411 | . 33 63 . . 18 . . 156 123 . 18 Siege Activations . | . . . . . . . . . . . . Martial Activations . | . . . . . . . . . . . . Shielding Activations . | . . . . . . . . . . . . Robots Disrupted . | . . . . . . . . . . . . Combat Hostiles . | . . . . . . . . . . . . Robots Corrupted . | . . . . . . . . . . . . Combat Hostiles . | . . . . . . . . . . . . Parts Fried . | . . . . . . . . . . . . Impact Corruptions . | . . . . . . . . . . . . Robots Melted . | . . . . . . . . . . . . Combat Hostiles . | . . . . . . . . . . . . Parts Melted . | . . . . . . . . . . . . Heat Transferred 250 | . . . . . . . . . . . 250 Parts Sabotaged . | . . . . . . . . . . . . Parts Stolen . | . . . . . . . . . . . . Parts Stripped . | . . . . . . . . . . . . Power Chain Reactions . | . . . . . . . . . . . . Alert | -11 -10 -10 -10 -9 -8 -7 -6 -5 -5 -5 -4 ------- Run | Yrd Mat Min Exi Min Mat Fac Fac Fac Ext Cet Fac Maximum Alert Level 1 | . . . . . . . . . . . 1 Low Security (%) 99 | 100 100 100 . 100 100 100 100 100 100 100 93 Level 1 . | . . . . . . . . . . . 6 Level 2 . | . . . . . . . . . . . . Level 3 . | . . . . . . . . . . . . Level 4 . | . . . . . . . . . . . . Level 5 . | . . . . . . . . . . . . High Security . | . . . . . . . . . . . . Max Security . | . . . . . . . . . . . . Peak Influence 257 | 5 50 41 . 35 30 . 16 17 38 . 257 Initial 5 | . . . . . 5 . . . 5 . . Average 4 | . 4 1 . 3 . . 1 2 4 . 21 Influence Increases 934 | 25 190 96 . 51 32 . 41 95 77 . 327 Destroy 0b10 Robot/C 460 | . 140 80 . 40 20 . . . 20 . 160 Destroy 0b10 Robot/NC 85 | 25 10 5 . . . . 5 20 5 . 15 Destroy Leader 120 | . 34 10 . 10 10 . . 4 10 . 42 Allied During Kill 1 | . . 1 . . . . . . . . . Successful Hack 28 | . 6 . . . . . 16 . 6 . . Disable Machine 24 | . . . . . . . . . . . 24 Destroy Structure 126 | . . . . 1 2 . 5 26 6 . 86 Partial Spotted 30 | . . . . . . . . 15 15 . . Lose Combat Pursuer 60 | . . . . . . . 15 30 15 . . Influence Decreases 702 | 25 190 96 . 30 53 . 41 80 92 . 95 Entered New Map 26 | . . . . . 16 . . . 10 . . Time Decay 605 | 25 190 76 . 30 37 . 41 56 75 . 75 Lost Part 51 | . . . . . . . . 24 7 . 20 Lost Ally 20 | . . 20 . . . . . . . . . Squads Dispatched 13 | . . . . . 1 1 2 4 . . 5 Investigation 2 | . . . . . . . . 2 . . . Extermination 3 | . . . . . . 1 1 . . . 1 Reinforcement 7 | . . . . . 1 . 1 2 . . 3 Assault . | . . . . . . . . . . . . Garrison 1 | . . . . . . . . . . . 1 Intercept . | . . . . . . . . . . . . Searches Triggered . | . . . . . . . . . . . . Construction Impeded 1 | . . . . . . . . . . . 1 Haulers Reinforced 2 | . . . . . . . . 1 . . 1 Active Scanning Responses . | . . . . . . . . . . . . Cargo Convoy Interrupts . | . . . . . . . . . . . . Stealth | -11 -10 -10 -10 -9 -8 -7 -6 -5 -5 -5 -4 --------- Run | Yrd Mat Min Exi Min Mat Fac Fac Fac Ext Cet Fac Distress Signals 4 | . 1 . . . . . 1 1 . 1 . Communications Jammed . | . . . . . . . . . . . . Distress Signals . | . . . . . . . . . . . . Times Spotted 73 | . 10 4 . 3 3 1 14 17 9 5 7 Peak Tracking Total 11 | . 2 2 . 2 1 1 5 11 7 5 3 Tactical Retreats 8 | . . . . . . . 2 5 1 . . ECM-based Alert Blocks 7 | . . . . . . . . 7 . . . Traps | -11 -10 -10 -10 -9 -8 -7 -6 -5 -5 -5 -4 ------- Run | Yrd Mat Min Exi Min Mat Fac Fac Fac Ext Cet Fac Traps Triggered 7 | . 3 . . . . 2 1 . 1 . . Indirectly . | . . . . . . . . . . . . Trap Hack Attempts . | . . . . . . . . . . . . Triggered . | . . . . . . . . . . . . Disarmed . | . . . . . . . . . . . . Reprogrammed . | . . . . . . . . . . . . Reused . | . . . . . . . . . . . . Traps Extracted . | . . . . . . . . . . . . Installed . | . . . . . . . . . . . . Triggered . | . . . . . . . . . . . . Machines | -11 -10 -10 -10 -9 -8 -7 -6 -5 -5 -5 -4 ---------- Run | Yrd Mat Min Exi Min Mat Fac Fac Fac Ext Cet Fac Machines Disabled 7 | . . 1 . . . . . . . . 6 Max in Single Turn 5 | . . . . . . . . . . . 5 Machines Repaired . | . . . . . . . . . . . . Machines Dismantled . | . . . . . . . . . . . . Machines Sabotaged . | . . . . . . . . . . . . Overloaded Fab Kills . | . . . . . . . . . . . . Hacking | -11 -10 -10 -10 -9 -8 -7 -6 -5 -5 -5 -4 --------- Run | Yrd Mat Min Exi Min Mat Fac Fac Fac Ext Cet Fac Machines Accessed 11 | . 2 . . . 2 . 1 3 1 . 2 Terminals 8 | . 2 . . . 1 . . 2 1 . 2 Fabricators . | . . . . . . . . . . . . Repair Stations 2 | . . . . . . . 1 1 . . . Recycling Units . | . . . . . . . . . . . . Scanalyzers 1 | . . . . . 1 . . . . . . Garrison Access . | . . . . . . . . . . . . Total Hacks 26 | . 5 . . . 6 . 2 7 4 . 2 Successful 16 | . 2 . . . 5 . 2 5 2 . . Failed 10 | . 3 . . . 1 . . 2 2 . 2 Catastrophic 6 | . 2 . . . 1 . . 1 . . 2 Database Lockouts . | . . . . . . . . . . . . Manual 14 | . 4 . 1 . 1 . 1 2 3 . 2 Terminals 16 | . 5 . . . 2 . . 3 4 . 2 Fabricators . | . . . . . . . . . . . . Repair Stations 6 | . . . . . . . 2 4 . . . Recycling Units . | . . . . . . . . . . . . Scanalyzers 4 | . . . . . 4 . . . . . . Garrison Access . | . . . . . . . . . . . . Terminal Hacks 6 | . 2 . . . 1 . . 1 2 . . Record 2 | . 1 . . . 1 . . . . . . Part Schematic 1 | . . . . . . . . . 1 . . Open Door 1 | . . . . . . . . 1 . . . Level Access Points 1 | . . . . . . . . . 1 . . Branch Access Points 1 | . 1 . . . . . . . . . . Fabricator Hacks . | . . . . . . . . . . . . Repair Station Hacks 6 | . . . . . . . 2 4 . . . Scan Component 3 | . . . . . . . 1 2 . . . Repair 3 | . . . . . . . 1 2 . . . Recycling Unit Hacks . | . . . . . . . . . . . . Scanalyzer 4 | . . . . . 4 . . . . . . Insert Component 1 | . . . . . 1 . . . . . . Analyze 1 | . . . . . 1 . . . . . . Retrieve Study 2 | . . . . . 2 . . . . . . Garrison Access Hacks . | . . . . . . . . . . . . Unauthorized Hacks . | . . . . . . . . . . . . Terminals . | . . . . . . . . . . . . Fabricators . | . . . . . . . . . . . . Repair Stations . | . . . . . . . . . . . . Recycling Units . | . . . . . . . . . . . . Scanalyzers . | . . . . . . . . . . . . Garrison Access . | . . . . . . . . . . . . Data Cores Recovered . | . . . . . . . . . . . . Used . | . . . . . . . . . . . . Hacking Detections 9 | . 1 . . . 1 . 2 2 1 . 2 Full Trace Events 3 | . 1 . . . . . . 2 . . . Feedback Events . | . . . . . . . . . . . . Feedback Blocked . | . . . . . . . . . . . . Robot Schematics Acquired . | . . . . . . . . . . . . Robots Built . | . . . . . . . . . . . . Authchips . | . . . . . . . . . . . . Time . | . . . . . . . . . . . . Total Robot Build Rating . | . . . . . . . . . . . . Part Schematics Acquired 2 | . . . . . 1 . . . 1 . . Parts Built . | . . . . . . . . . . . . Authchips . | . . . . . . . . . . . . Time . | . . . . . . . . . . . . Total Part Build Rating . | . . . . . . . . . . . . Part Studies Acquired 2 | . . . . . 2 . . . . . . Parts Repaired 3 | . . . . . . . 1 2 . . . Time 65 | . . . . . . . 13 52 . . . Parts Recycled . | . . . . . . . . . . . . Recycled Matter . | . . . . . . . . . . . . Retrieved Matter . | . . . . . . . . . . . . Retrieved Components . | . . . . . . . . . . . . Parts Scanalyzed 1 | . . . . . 1 . . . . . . Part Schematics Acquired 1 | . . . . . 1 . . . . . . Parts Damaged 1 | . . . . . 1 . . . . . . Bothacking | -11 -10 -10 -10 -9 -8 -7 -6 -5 -5 -5 -4 ------------ Run | Yrd Mat Min Exi Min Mat Fac Fac Fac Ext Cet Fac Used RIF Installer . | . . . . . . . . . . . . Robots Hacked . | . . . . . . . . . . . . Non-combat . | . . . . . . . . . . . . Combat . | . . . . . . . . . . . . Robot Hacks Applied . | . . . . . . . . . . . . Relay Couplers Released . | . . . . . . . . . . . . Fabnet Peak Effective % . | . . . . . . . . . . . . Robots Rewired . | . . . . . . . . . . . . Allies Hacked . | . . . . . . . . . . . . Hacks Repelled . | . . . . . . . . . . . . Allies | -11 -10 -10 -10 -9 -8 -7 -6 -5 -5 -5 -4 -------- Run | Yrd Mat Min Exi Min Mat Fac Fac Fac Ext Cet Fac Total Allies 2 | . . 2 . . . . . . . . . Largest Group 2 | . . 2 1 . . . . . . . . Highest-Rated Group 46 | . . 46 15 . . . . . . . . Highest-Rated Ally 31 | . . 31 15 . . . . . . . . Total Orders . | . . . . . . . . . . . . Ally Attacks 2 | . . 2 . . . . . . . . . Total Damage 22 | . . 22 . . . . . . . . . Kills . | . . . . . . . . . . . . Allies Corrupted . | . . . . . . . . . . . . Allies Melted . | . . . . . . . . . . . . Intel | -11 -10 -10 -10 -9 -8 -7 -6 -5 -5 -5 -4 ------- Run | Yrd Mat Min Exi Min Mat Fac Fac Fac Ext Cet Fac Active Infowar (turns) 4630 | 24 1180 798 186 . 704 261 307 303 330 28 509 Optics 1462 | . . . . . . . 292 303 330 28 509 Seismic 3629 | 24 1180 798 186 . 703 261 307 170 . . . ECM 548 | . . . . . 399 . 27 122 . . . Robot Analysis Total . | . . . . . . . . . . . . Derelict Logs Recovered 1 | . . 1 . . . . . . . . . Drone Launches . | . . . . . . . . . . . . Drone Recoveries . | . . . . . . . . . . . . Exploration | -11 -10 -10 -10 -9 -8 -7 -6 -5 -5 -5 -4 ------------- Run | Yrd Mat Min Exi Min Mat Fac Fac Fac Ext Cet Fac Turns Passed 5465 | 323 1180 798 388 334 704 261 307 303 330 28 509 Spaces Moved 3929 | 149 614 418 240 199 391 271 599 408 364 55 221 Core 360 | 7 . . . . . 1 . . 111 55 186 Treads 2019 | 142 614 418 240 199 391 15 . . . . . Legs 33 | . . . . . . . . . . . 33 Wheels 2 | . . . . . . . . . . . 2 Hover . | . . . . . . . . . . . . Flight 1515 | . . . . . . 255 599 408 253 . . Fastest Speed 17 | 50 160 160 160 160 160 27 23 17 34 50 50 Average Speed 107 | 160 160 160 160 160 160 41 25 26 39 50 204 Slowest Speed 550 | 200 160 160 160 160 160 550 27 34 50 50 550 Overloaded Moves . | . . . . . . . . . . . . Propulsion Burnouts . | . . . . . . . . . . . . Robots Hopped 3 | . . . . . . . 3 . . . . Potential Cave-ins 17 | . . 3 . . . . . 4 10 . . Cave-ins Triggered 1 | . . . . . . . . . 1 . . Time Travels 1 | . . . 1 . . . . . . . . Exploration Rate (%) 36 | 8 88 73 62 47 23 6 22 17 58 23 7 Regions Visited 11 Branch Regions 5 Pre-discovered Areas 2 | . . 2 . . . . . . . . . Known Exits Taken 11 | 1 1 1 1 1 1 1 1 1 1 1 . Unknown Exits Taken . | . . . . . . . . . . . . Scrap Searched . | . . . . . . . . . . . . Spaces Dug 38 | . . . . 1 2 . 6 19 10 . . Terrain Destroyed 94 | . . . . 1 2 . 6 19 10 . 56 Melee 38 | . . . . 1 2 . 6 19 10 . . Projectile . | . . . . . . . . . . . . AOE 56 | . . . . . . . . . . . 56 Terrain Rammed . | . . . . . . . . . . . . Walls Destroyed . | . . . . . . . . . . . . Machines Disabled . | . . . . . . . . . . . . Actions | -11 -10 -10 -10 -9 -8 -7 -6 -5 -5 -5 -4 --------- Run | Yrd Mat Min Exi Min Mat Fac Fac Fac Ext Cet Fac Total 4987 | 199 774 527 244 208 462 419 734 572 536 54 258 Wait 793 | 2 119 93 . 1 59 126 109 130 142 . 12 Move 3912 | 148 613 417 239 198 390 270 592 407 363 54 221 Hop 3 | . . . . . . . 3 . . . . Pick Up 34 | 12 10 1 1 1 1 3 3 . . . 2 Fast Attach 29 | 4 2 . 2 . 2 1 6 3 . . 9 Attach 18 | 3 . . . 1 2 5 1 3 . . 3 Detach 3 | . 1 . . . . 2 . . . . . Swap 6 | . . 1 . . 3 1 1 . . . . Drop 25 | . 5 2 2 . 1 8 6 . . . 1 Fire 86 | 29 21 11 . 6 2 3 5 . . . 9 Melee 54 | . . . . 1 2 . 8 29 14 . . Ram 2 | . . . . . . . . . 2 . . Kick 1 | . . . . . . . . . . . 1 Crush 6 | 1 3 2 . . . . . . . . . Escape Stasis 15 | . . . . . . . . . 15 . . Rewire . | . . . . . . . . . . . . Trap . | . . . . . . . . . . . . Miscellaneous . | . . . . . . . . . . . . Route ------- -11/Scrapyard -10/Materials (discovered 4 exits: *Mat x3 / *Min) -10/Mines (discovered 4 exits: *Mat x2 / *Exi / *Sub) -10/Exiles -9/Mines -8/Materials -7/Factory -6/Factory -5/Factory -5/Extension (discovered 3 exits: *Fac x2 / *Cet) -5/Cetus -4/Factory History --------- Turn | Location | Event 19 | -11/Scrapyard | Identified exit to Materials 19 | -11/Scrapyard | Discovered exit to Materials (range 14) 324 | -11/Scrapyard | Entered Materials 324 | -10/Materials | Evolved 1 slot: Utility x1 325 | -10/Materials | Build established: Hacker-Mutant 732 | -10/Materials | Identified exit to Materials 732 | -10/Materials | Discovered exit to Materials (range 6) 990 | -10/Materials | Identified exit to Mines 1161 | -10/Materials | Discovered exit to Materials (range 6) 1403 | -10/Materials | Discovered exit to Materials (range 3) 1504 | -10/Materials | Entered Mines 1578 | -10/Mines | Identified exit to Subcaves 1578 | -10/Mines | Discovered exit to Subcaves (range 5) 1663 | -10/Mines | Found a damaged Exp. Sensor Array with a note attached 1764 | -10/Mines | Discovered exit to Materials (range 7) 1778 | -10/Mines | Assembled infested the area 1789 | -10/Mines | Learned location of Storage (-8) 1821 | -10/Mines | Discovered exit to Materials (range 7) 1847 | -10/Mines | Met 8R-AWN 2234 | -10/Mines | Learned location of Zion (-6) 2295 | -10/Mines | Identified exit to Exiles 2295 | -10/Mines | Discovered exit to Exiles (range 5) 2302 | -10/Mines | Entered Exiles 2302 | -10/Exiles | Accompanied by 1 ally 2341 | -10/Exiles | Welcomed by 8R-AWN 2368 | -10/Exiles | Met EX-HEX 2416 | -10/Exiles | Met EX-BIN 2434 | -10/Exiles | Aligned with FarCom system 2435 | -10/Exiles | Given EX-Vault access code 2478 | -10/Exiles | Opened EX-Vault 2487 | -10/Exiles | Found Prototype Device 2488 | -10/Exiles | Identified Chronowheel 2488 | -10/Exiles | Activated Chronowheel 2488 | -10/Exiles | Spacetime reconverged on an earlier point 2506 | -10/Exiles | Found Prototype Slashing Weapon 2506 | -10/Exiles | Identified Longsword +1 2567 | -10/Exiles | Warned to stay clear of 0b10 Research branches 2610 | -10/Exiles | Met EX-DEC 2677 | -10/Exiles | Identified exit to Mines 2677 | -10/Exiles | Discovered exit to Mines (range 10) 2690 | -10/Exiles | Left Exiles lab with Longsword +1 2690 | -10/Exiles | Entered Mines 2955 | -9/Mines | Identified exit to Materials 2955 | -9/Mines | Discovered exit to Materials (range 11) 3024 | -9/Mines | Entered Materials 3024 | -8/Materials | Evolved 4 slots: Propulsion x2, Utility x2 3644 | -8/Materials | Identified exit to Factory 3644 | -8/Materials | Discovered exit to Factory (range 7) 3728 | -8/Materials | Entered Factory 3728 | -7/Factory | Evolved 2 slots: Propulsion x1, Utility x1 3988 | -7/Factory | Identified exit to Factory 3988 | -7/Factory | Discovered exit to Factory (range 5) 3989 | -7/Factory | Entered another Factory area 3989 | -6/Factory | Evolved 2 slots: Power x1, Propulsion x1 4176 | -6/Factory | Repaired Flight Unit 4246 | -6/Factory | Assembled infested ambush trap array 4293 | -6/Factory | Identified exit to Factory 4293 | -6/Factory | Discovered exit to Factory (range 16) 4296 | -6/Factory | Entered another Factory area 4296 | -5/Factory | Evolved 2 slots: Propulsion x2 4336 | -5/Factory | Repaired Flight Unit 4364 | -5/Factory | Repaired Flight Unit 4545 | -5/Factory | Lost 5 parts (3n2u) 4595 | -5/Factory | Spotted B-75 Beast 4598 | -5/Factory | Identified exit to Extension 4598 | -5/Factory | Discovered exit to Extension (range 5) 4599 | -5/Factory | Entered Extension 4625 | -5/Extension | Lost 4 parts (1p2n1u) 4659 | -5/Extension | Spotted B-75 Beast 4661 | -5/Extension | Spotted B-75 Beast 4679 | -5/Extension | Crushed by falling debris 4692 | -5/Extension | Identified exit to Factory 4710 | -5/Extension | Lost 3 parts (1n2u) 4882 | -5/Extension | Core integrity fell below 50% 4910 | -5/Extension | Lost 3 parts (2n1w) 4919 | -5/Extension | Identified exit to Cetus 4919 | -5/Extension | Discovered exit to Cetus (range 22) 4929 | -5/Extension | Entered Cetus 4935 | -5/Cetus | Spotted Cetus Guard 4935 | -5/Cetus | Spotted Cetus Guard 4935 | -5/Cetus | Spotted Cetus Guard 4935 | -5/Cetus | Spotted Cetus Guard 4946 | -5/Cetus | Discovered exit to Factory (range 22) 4957 | -5/Cetus | Entered Factory 4957 | -4/Factory | Evolved 2 slots: Propulsion x1, Weapon x1 5435 | -4/Factory | Garrison activated, responded to threat 5466 | -4/Factory | Self-destructed Last Messages --------------- U-05 Engineer lays Concrete. U-05 Engineer builds a Wall. U-05 Engineer lays Concrete. Penetrated by Slug. U-05 Engineer lays Concrete. The unstable cave ceiling collapses. Slug penetrates Wall. U-05 Engineer builds a Wall. The unstable cave ceiling collapses. U-05 Engineer lays Concrete. U-05 Engineer builds a Wall. Acquired 19 matter. Acquired Welding Torch. Acquired Wheel. Slug penetrates Wall. Slug penetrates Earth. Slug penetrates Wall. Penetrated by Slug. Acquired Wheel. Slug penetrates Wall. Map ----- +----------------------------------------------------+ | #????# #????????????????????????????? | | #????# #????????????????????????????? | | #????# #????????????????????????????? | | #????# ###########??????????????????? | | #????######## # #??????????????????? | | #???????????# # = = #??????????????????? | | #???????????# # #??????????????????? | | ###???????????+ + """ #??????????????????? | | ??????????????# # """ """ #??????????????????? | | ??????????????# # "T """ #??????????????????? | | ??????????????# # """ #??????????????????? | | ??????????????# # #??????????????????? | | ??????????????# ###############???????????##?? | | ????########### #?????????? ?? | | ????# ! + ![ #???????? ?? | | ????# # ! [ #??????? ""?? | | ????# """ # [[ #????? ""?? | | ????# """ # % #???? ""?? | | ????# """ ###### ##+##### #?? """" | | ????# #??## # #? | | ????# #??# # h# | | ????# #?## # h | | ????###########?# # # #?? | | ????????????????# * # [ p #?? | | ????????????????# ! ! # =% #?? | | ????????????????### @ # ! #?? | | ????????????????# # p #?? | | ????????????????## ## # #?? | | ?????????????????### # # ! ! #?? | | ???????????????????########## #?? | | ????????????????????????????# [ #?? | | ????????????????????????????# +?? | | ????????????????????????????# #?? | | ????????????????????????????# #?? | | ????????????????????????????# #?? | | ????????????????????????????# """###?? | | ????????????????????????????# # ###???? | | ????????????????????????????# ## # #?????? | | ????????????????????????????# #?########?????? | | ????????????????????????????# #??????????????? | | ????????????????????????????# #??????????????? | | ????????????????????????????? ??????????????? | | ????????????????????????????? ??????????????? | | ?????????????????????????????"" ??????????????? | | ?????????????????????????????" ""???????????????? | | ??????????????????????????????? ?????????????????? | | ?????????????????????????????????????????????????? | | ?????????????????????????????????????????????????? | | ?????????????????????????????????????????????????? | | ?????????????????????????????????????????????????? | +----------------------------------------------------+ Best States ------------- Heat Dissipation 43 Energy Generation 27 Energy Capacity 300 Matter Stores 300 Matter Capacity 300 Sight Range 22 Terrain Scan Density 10 ECM Strength 1 Armor Coverage 150 Resistance: KI 35 Resistance: TH 35 Resistance: EX 35 Resistance: EM 35 Resistance: I 35 Resistance: S 35 Resistance: P 35 Core Shielding 20 Evasion (%) 65 Targeting Accuracy 14 Recoil Reduction 4 Offensive Hacking 30 Item Schematics ----------------- VTOL Module | -8/Materials | Scanalyzed Hyp. Coil Gun | -5/Extension | Hacked Robot Schematics ------------------ None Fabricated ------------ Nothing Repaired ---------- Flight Unit | 20% | -6/Factory Flight Unit | 25% | -5/Factory Flight Unit | 40% | -5/Factory Studied --------- VTOL Module | -8/Materials | Hacked Assault Rifle | -8/Materials | Hacked Alien Tech Used ----------------- None Achievements -------------- Part-time Excavator Spacetime Is Relative Challenges ------------ None Game ------ Seed MicrowarpTargetingTube Manual? 0 Play Time 00:55:19 Cumulative 11.6 hours Start 2026.07.01 @ 01:28:24 End 2026.07.02 @ 11:50:19 Sessions 3 Manual Loads 0 Difficulty Explorer Special Mode None Game No. 45 Rogue 41 Adventurer 0 Explorer 4 Win Type - Total 0 Types 0/0/0/0/0/0/0/0/0/0 Lore% 7 Gallery% 12 Achievement% 17 Wizard Run 0 Options --------- Layout 1 ASCII 0 Keyboard 0 Movement Numpad Keybinds 0 Fullscreen 1 Font 24/Smallcaps Map View 50x35 Zoom Use 6% Tactical HUD 0 Map Filters NONE Filters NONE Steam 1 RUN: f7ec1821-cf88-4095-b5b8-468625799032